 Dungeon Crawl Stone Soup version 0.30.1-11-g7821555f0a (webtiles) character file.

Game seed: 11466411918885779684

79 Nonny the Trooper (level 4, 0/38 HPs)
             Began as a Mummy Cinder Acolyte on Oct 27, 2023.
             Was a High Priest of Ignis.
             Slain by a scorpion (5 damage)
             ... on level 3 of the Dungeon.
             The game lasted 00:04:57 (1889 turns).

Nonny the Trooper (Mummy Cinder Acolyte)            Turns: 1889, Time: 00:04:58

Health: 0/38       AC:  3    Str: 17    XL:     4   Next: 16%
Magic:  0/7        EV: 11    Int: 15    God:    Ignis [*****.]
Gold:   76         SH:  0    Dex:  7    Spells: 5/7 levels left

rFire   + . .        f - staff of fire
rCold   + . .        (no shield)
rNeg    + + +        b - +1 robe
rPois   ∞            (no helmet)
rElec   .            (no cloak)
rCorr   .            (no gloves)
SInv    .            (no boots)
Will    .....        (no amulet)
Stlth   +            e - ring of wizardry
HPRegen 0.26/turn    (no ring)
MPRegen 0.10/turn

%: faith, wizardry (x1)
@: no status effects
A: cold resistance 1, negative energy resistance 3, torment resistance 2, heat
vulnerability 1, in touch with death 1, no potions, faith
a: Renounce Religion, Fiery Armour, Foxfire Swarm, Rising Flame


You were on level 3 of the Dungeon.
You worshipped Ignis.
Ignis was extremely pleased with you.
You visited 1 branch of the dungeon, and saw 3 of its levels.

You collected 76 gold pieces.

Inventory:

Missiles
 j - 2 poisoned darts (quivered)
Armour
 b - a +1 robe (worn)
Magical Staves
 c - a staff of conjuration
 f - a staff of fire (weapon)
 k - a staff of death
Jewellery
 e - a ring of wizardry (left hand)
 i - a ring of wizardry


   Skills:
 + Level 4.4 Fighting
 - Level 2.8 Maces & Flails
 + Level 2.3 Spellcasting
 - Level 2.4 Fire Magic


You had 5 spell levels left.
You knew the following spells:

 Your Spells              Type           Power      Damage    Failure   Level
a - Scorch                Fire           26%        2d6       4%          2

Your spell library contained the following spells:

 Spells                   Type           Power      Damage    Failure   Level
 Call Canine Familiar     Summ           1%         N/A       26%         3
 Portal Projectile        Hex/Tloc       2%         N/A       26%         3
 Leda's Liquefaction      Hex/Erth       0%         N/A       61%         4


Dungeon Overview and Level Annotations

Branches:
Dungeon (3/15)

Altars:


Innate Abilities, Weirdness & Mutations

You are immune to poison.
Your flesh is cold resistant. (rC+)
You are immune to negative energy. (rN+++)
You are immune to unholy pain and torment.
You are vulnerable to heat. (rF-)
You are in touch with the powers of death.
You do not drink.
You have a special connection with the divine. (Faith)


Message History

It was a scroll of magic mapping.
The scorpion stings you.
Unknown command.
As you read the scroll labelled REENKA LAMAOS, it crumbles to dust.
The scroll dissolves into smoke.
It was a scroll of fog.
The bat barely misses you. The bat misses you. The scorpion stings you.
* * * LOW HITPOINT WARNING * * *
Unknown command.
As you read the scroll labelled GABOSH FEXTOUT, it crumbles to dust.
You feel a surge of unholy energy.
The scorpion convulses!
The bat convulses!
It was a scroll of torment.
The bat barely misses you. x2
The scorpion stings you.
* * * LOW HITPOINT WARNING * * *
Unknown command.
As you read the scroll labelled LANAKKYZ YQOL, it crumbles to dust.
It is a scroll of enchant armour.
Your +0 robe glows green for a moment.
The scorpion is no longer more vulnerable to fire.
The bat hits you.
* * * LOW HITPOINT WARNING * * *
The scorpion stings you.
* * * LOW HITPOINT WARNING * * *
The bat barely misses you. The scorpion stings you.
* * * LOW HITPOINT WARNING * * *
Unknown command.
Unknown command.
Casting: Scorch (safe; 4% risk of failure)
Confirm with . or Enter, or press ? or * to list all spells.
You feel a surge of power!
Flames lash the scorpion.
The scorpion is almost dead.
The scorpion's fire resistance burns away.
The scorpion closely misses you.
Unknown command.
You hit the scorpion but do no damage.
The scorpion is almost dead.
The scorpion closely misses you.
Unknown command.
You completely miss the scorpion.
The scorpion is almost dead.
The scorpion stings you.
You die...

********* *,,,,,,,*
*,,,,,,,* *,,,,,,,*
*,,,,,,,* *,,,,,..*
########,,,,...#*
####§§....#,,,,....##
#§bs@§§...#****#.#...
#§§#§§§...# #.###.
**#'b###§...######.##..
*≈§..≈~#.....##.....#..
#≈8..8≈#...............
#≈.##.≈#...)###......##
#≈.**.§#....# #....####
#≈8,,8§#....####..## #
#≈≈~~≈§#.......#.##


You could see a scorpion (combustible) and a bat.

Vanquished Creatures
  3 adders (D:2)
  A worm (D:3)
  2 dart slugs
  3 ball pythons
  4 endoplasms
  A giant cockroach (D:1)
  3 goblins
  6 hobgoblins
  7 kobolds
  A quokka (D:3)
  4 bats
  4 frilled lizards
  8 rats
47 creatures vanquished.

Notes
Turn   | Place    | Note
-------+----------+-------------------------------------------
     0 | D:1      | Nonny the Mummy Cinder Acolyte began the quest for the Orb.
     0 | D:1      | Reached XP level 1. HP: 18/18 MP: 2/2
   232 | D:1      | Reached XP level 2. HP: 24/24 MP: 4/4
   254 | D:1      | Learned a level 2 spell: Scorch
   679 | D:2      | Gained mutation: You are in touch with the powers of death.
                  | [Mummy growth]
   679 | D:2      | Reached XP level 3. HP: 26/30 MP: 0/5
   687 | D:2      | Reached skill level 4 in Fighting
   749 | D:2      | staff of fire
  1497 | D:3      | Found a faded altar of an unknown god.
  1562 | D:3      | Reached XP level 4. HP: 28/38 MP: 2/7
  1706 | D:3      | staff of deathg
  1817 | D:3      | Book of the Hunter
  1874 | D:3      | Noticed a scorpion
  1889 | D:3      | Slain by a scorpion

Illustrated notes #.# ###.## ....# #..# ########## #######..###.†......# .............######.# #####...##### #.# #....# #.# #@...# #.# #..### #.# #..# #.# #.(# #.# #..# #.# #.[# #.# #..# #########.# #..# #....†....# #..# #.######### Turn 749 on D:2: staff of fire

.# ..... ......: ##
#.#.# ..#...# .## #.#.#
.......
..#######†#.#####......#
........................
....#####.###.###.....#
...(......#........#..#
....#.........##......##
................@.......
......####.##.........##
....#.# #<.#...........
........ ..........##.##
....#.#......#.....# #
........###........# .
#........# . .#..#..###
..


Turn 1706 on D:3: staff of deathg ..... .# #.....?.# .. ..... .......# ..##..^.
.... .# # ......... ##... .# ... #......... #...# .##..# ..........##.#.##....#
...............@...# #.#.# #....#†..###.# #.#.# ##........#
##†#.#####......###.# ..................... ##.###.###.....#####.
...#........#..# .......##......## .........)......... Turn 1817 on D:3: Book of
the Hunter

Levels and vault maps discovered:
D:1:      scummos_arrival_star, layout_basic, minmay_misc_feat_iff
D:2:      layout_loops_ring, solitary_fountain
D:3:      layout_rooms, serial_shops, shop,
          hellmonk_ecumenical_altar_leap_of_faith, kennysheep_generic_room_15

Skill      XL: |  1  2  3 |
---------------+----------+-----
Fighting       | 4 |  4.4
Spellcasting   | 2 |  2.3
Maces & Flails | |  2.8
Fire Magic     | |  2.4

Action                     |  1- 3 |  4- 6 || total
---------------------------+-------+-------++-------
  Melee: Mace              |    74 |       ||    74
         Staff             |    18 |    20 ||    38
   Cast: Scorch            |    16 |    10 ||    26
    Use: Scroll            |       |     4 ||     4
 Armour: Robe              |    43 |     5 ||    48
  Dodge: Dodged            |    74 |    16 ||    90
